 Dungeon Crawl Stone Soup version 0.20-a0-268-gb6bde61 (webtiles) character file.

103 Kadarus the Chiller (level 5, -3/35 HPs)
             Began as a Human Ice Elementalist on Dec 7, 2016.
             Slain by Crazy Yiuf
             ... wielding a +3 quarterstaff of chaos
              (7 damage)
             ... on level 3 of the Dungeon.
             The game lasted 00:10:38 (2544 turns).

Kadarus the Chiller (Human Ice Elementalist)        Turns: 2544, Time: 00:10:38

Health: -3/35      AC:  5    Str: 11    XL:     5   Next: 6%
Magic:  6/9        EV: 12    Int: 17    God:
Gold:   98         SH:  0    Dex: 13    Spells: 3/10 levels left

rFire  . . .     SeeInvis .     h - +0 spear
rCold  . . .     Gourm    .     a - +0 robe
rNeg   . . .     Faith    .     (no shield)
rPois  .         Spirit   .     (no helmet)
rElec  .         Reflect  .     (no cloak)
rCorr  .         Harm     .     (no gloves)
MR     .....                    (no boots)
Stlth  ++........               (no amulet)
                                m - +3 ring of protection
                                d - +3 ring of strength

@: lethally poisoned (-3 -> -19)
A: no striking features
a: no special abilities


You were on level 3 of the Dungeon.
You were not hungry.

You visited 1 branch of the dungeon, and saw 3 of its levels.

You collected 98 gold pieces.

Inventory:

Hand Weapons
 h - a +0 spear (weapon)
Armour
 a - a +0 robe (worn)
 g - a +0 leather armour
Jewellery
 d - a +3 ring of strength (left hand)
 m - a +3 ring of protection (right hand)
Scrolls
 e - a scroll of remove curse
 n - a scroll of identify {unknown}
Potions
 f - a potion of heal wounds {unknown}
 i - a potion of might {unknown}
 k - 2 potions of curing {unknown}
 o - a potion of brilliance {unknown}
Books
 b - a book of Frost

   Spells                             Type                      Level
   a - Freeze                         Ice                          1
   b - Throw Frost                    Conjuration/Ice              2
   c - Ozocubu's Armour               Charms/Ice                   3
   d - Throw Icicle                   Conjuration/Ice              4
   e - Summon Ice Beast               Ice/Summoning                4
Comestibles
 c - a bread ration
 j - a slice of pizza
 l - 2 fruits


   Skills:
 - Level 2.0 Dodging
 - Level 2.0 Stealth
 - Level 3.0 Spellcasting
 - Level 1.0 Conjurations
 + Level 1.6 Summonings
 + Level 4.2 Ice Magic


You had 3 spell levels left.
You knew the following spells:

 Your Spells              Type           Power        Failure   Level  Hunger
a - Freeze                Ice            ###.         2%          1    None
b - Throw Frost           Conj/Ice       ##....       12%         2    ##.....
c - Summon Ice Beast      Ice/Summ       ##......     58%         4    ####...


Dungeon Overview and Level Annotations

Branches:
Dungeon (3/15)

Altars:
Gozag
Makhleb
Uskayaw

Annotations:
D:3 Crazy Yiuf


Message History

Aiming: Freeze
Press: ? - help, Shift-Dir - straight line, f/p - Crazy Yiuf
Aim: Crazy Yiuf, wielding a quarterstaff of chaos and wearing a cloak (moderately wounded)
You freeze Crazy Yiuf.
Crazy Yiuf is heavily wounded.
You feel sick.
Crazy Yiuf hits you with a quarterstaff of chaos.
You are electrocuted!
* * * LOW HITPOINT WARNING * * *
Casting: Freeze
Confirm with . or Enter, or press ? or * to list all spells.
Aiming: Freeze
Press: ? - help, Shift-Dir - straight line, f/p - Crazy Yiuf
Aim: Crazy Yiuf, wielding a quarterstaff of chaos and wearing a cloak (heavily wounded)
You freeze Crazy Yiuf.
Crazy Yiuf is severely wounded.
* * * LOW HITPOINT WARNING * * *
You feel sick.
Crazy Yiuf hits you with a quarterstaff of chaos!
You die...

#### ♣♣####
#)..#♣♣ ♣♣.#..##
#..g@.♣♣♣♣......#
#...#♣..♣.......#
####
♣♣♣.♣..#.#.#####
♣♣♣♣♣###......
#....... ###.....
#....... #.######
#.#


You could see Crazy Yiuf.

Vanquished Creatures
  5 adders
  A worm (D:3)
  2 dart slugs (D:1)
  2 leopard geckos (D:1)
  An orc (D:3)
  2 ball pythons
  5 bats
  3 giant cockroaches
  2 goblins
  5 hobgoblins
  6 jackals
  A quokka (D:3)
  3 frilled lizards (D:1)
  6 kobolds
  3 rats
47 creatures vanquished.

Notes
Turn   | Place    | Note
-------+----------+-------------------------------------------
     0 | D:1      | Kadarus the Human Ice Elementalist began the quest for the Orb.
     0 | D:1      | Reached XP level 1. HP: 13/13 MP: 3/3
   175 | D:1      | Reached XP level 2. HP: 18/19 MP: 0/5
   179 | D:1      | Learned a level 2 spell: Throw Frost
   779 | D:1      | Reached XP level 3. HP: 24/24 MP: 5/7
  1215 | D:1      | Reached XP level 4. HP: 18/30 MP: 2/8
  1221 | D:1      | Learned a level 4 spell: Summon Ice Beast
  1491 | D:2      | Found a hide-covered altar of Uskayaw.
  1504 | D:2      | Reached skill level 4 in Ice Magic
  1674 | D:2      | Found a burning altar of Makhleb.
  1777 | D:2      | Found an opulent altar of Gozag.
  1866 | D:2      | Reached skill level 1 in Summonings
  2236 | D:3      | Reached XP level 5. HP: 35/35 MP: 4/9
  2529 | D:3      | Found a runed door.
  2539 | D:3      | Noticed Crazy Yiuf
  2544 | D:3      | Slain by Crazy Yiuf

Vault maps used:
D:1:      dpeg_arrival_rooms_a
D:2:      bloody_makhleb, eat_drink_and_be_merry_uskayaw, lemuel_statue_altar
D:3:      chequers_ecumenical_altar_simple_redux, uniq_crazy_yiuf_cottage

Skill      XL: |  1  2  3  4 |
---------------+-------------+-----
Spellcasting   | 3 |  3.0
Ice Magic      | 4 |  4.2
Summonings     | 1 |  1.6
Dodging        | |  2.0
Stealth        | |  2.0
Conjurations   | |  1.0

Action                   |  1- 3 |  4- 6 || total
-------------------------+-------+-------++-------
Melee: Whip              |     1 |       ||     1
       Spear             |    10 |    31 ||    41
       Mace              |     1 |       ||     1
 Cast: Freeze            |    37 |    30 ||    67
  Use: Scroll            |     1 |     1 ||     2
 Stab: Sleeping          |     2 |     1 ||     3
  Eat: Chunk             |     1 |     4 ||     5
Armor: Robe              |     2 |     7 ||     9
       Leather armour    |     2 |     4 ||     6
Dodge: Dodged            |    29 |    31 ||    60
